 Dungeon Crawl Stone Soup version 0.26-a0-812-g31a745ddcd (webtiles) character file.

Game seed: 8777764820320119258

11855 kae the Martial Artist (level 11, -27/66 HPs)
             Began as a Tengu Transmuter on Nov 23, 2020.
             Was an Elder of Wu Jian.
             Killed from afar by a deep elf mage (42 damage)
             ... with a bolt of cold
             ... on level 10 of the Dungeon.
             The game lasted 00:13:01 (16865 turns).

kae the Martial Artist (Tengu Transmuter)          Turns: 16865, Time: 00:13:01

Health: -27/66     AC: 14    Str: 13    XL:     11   Next: 84%
Magic:  21/21      EV: 20    Int: 13    God:    Wu Jian [****..]
Gold:   534        SH:  0    Dex: 16    Spells: 9/22 levels left

rFire    . . .     SeeInvis .     - Unarmed
rCold    . . .     Faith    .   (no shield)
rNeg     . . .     Spirit   .   C - +3 steam dragon scales
rPois    .         Reflect  .   (helmet restricted)
rElec    .         Harm     .   a - +0 cloak
rCorr    +         Rampage  .   e - +2 pair of gloves
MR       .....                  (boots unavailable)
Stlth    +.........             v - amulet of magic regeneration
HPRegen  0.21/turn              t - ring of resist corrosion
MPRegen  0.42/turn              (no ring)

@: about to teleport, flying quickly and evasively, quick
A: beak, talons 3, able to fly
a: Stop Flying, Wall Jump, Serpent's Lash, Renounce Religion


You were on level 10 of the Dungeon.
You worshipped Wu Jian.
Wu Jian was greatly pleased with you.
You visited 2 branches of the dungeon, and saw 11 of its levels.

You collected 534 gold pieces.

Inventory:

Armour
 a - a +0 cloak (worn)
 e - a +2 pair of gloves (worn)
 C - +3 steam dragon scales (worn)
Jewellery
 g - an uncursed ring of resist corrosion
 l - an uncursed ring of stealth
 p - an uncursed ring of stealth
 t - a ring of resist corrosion (left hand)
 v - an amulet of magic regeneration (around neck)
 F - an uncursed ring of protection from fire {unknown}
 G - an uncursed amulet of regeneration
Wands
 y - a wand of disintegration (8)
 E - a wand of enslavement (5)
Scrolls
 h - 4 scrolls of enchant weapon
 j - 2 scrolls of fear
 k - a scroll of magic mapping
 m - 3 scrolls of remove curse
 n - 5 scrolls of teleportation
 u - 2 scrolls of blinking
 A - a scroll of enchant armour
 B - a scroll of identify
Potions
 b - 4 potions of brilliance
 c - 5 potions of curing
 d - a potion of invisibility
 f - 5 potions of heal wounds
 i - a potion of magic
 o - 2 potions of ambrosia
 q - 3 potions of berserk rage
 r - a potion of haste
 s - 2 potions of lignification
 w - 3 potions of attraction
 x - a potion of degeneration {unknown}
 z - 4 potions of might
 D - 2 potions of resistance


   Skills:
 + Level 6.5 Fighting
 + Level 6.8 Armour
 + Level 7.2 Dodging
 * Level 10.6 Unarmed Combat
 + Level 6.1 Spellcasting
 * Level 8.0 Transmutations
 - Level 3.0 Poison Magic


You had 9 spell levels left.
You knew the following spells:

 Your Spells              Type           Power        Failure   Level
a - Beastly Appendage     Tmut           ###...       1%          1
b - Spider Form           Tmut/Pois      ###.......   5%          3
c - Blade Hands           Tmut           ###.......   17%         5
d - Ice Form              Ice/Tmut       ##......     32%         4

Your spell library contained the following spells:

 Spells                   Type           Power        Failure   Level
 Wereblood                Tmut           ###.....     1%          2
 Animate Skeleton         Necr           #.....       17%         1


Dungeon Overview and Level Annotations

Branches:
Dungeon (10/15)            Temple (1/1) D:5            Lair (0/6) D:9
    Orc: D:9-12

Altars:
Ashenzari
Cheibriados
Dithmenos
Elyvilon
Fedhas
Gozag
Hepliaklqana
Kikubaaqudgha
Makhleb
Nemelex Xobeh
Okawaru
Qazlal
Ru
Sif Muna
Trog
Uskayaw
Vehumet
Wu Jian
Xom
Yredelemnul
Zin
The Shining One

Shops:
D:10 =

Annotations:
D:4 3 runed translucent doors, 2 transporters, End1zNear's ghost, amateur DDFi; emiel's ghost, amateur SpAE; mhoghedin's ghost, weakling PaDe; p0werm0de's ghost, amateur DDFi
D:8 2 transporters, Vidiiot's ghost, novice TrDe


Innate Abilities, Weirdness & Mutations

You have a beak for a mouth.
You have claws for feet.
You can fly continuously.


Message History

You kill the orc warrior!
The Council accepts your kill. The orc hits you but does no damage.
You are poisoned.
You feel better.
A deep elf knight comes into view. It is wielding a +0 short sword.
The orc misses you.
Okay, then.
Okay, then.
As you read the scroll of teleportation, it crumbles to dust.
You feel strangely unstable.
The deep elf mage hits you with a +0 long sword!
* * * LOW HITPOINT WARNING * * *
The orc misses you.
Your hands revert to their normal proportions.
Your +2 pair of gloves unmelds from your body.
The deep elf mage gestures at you while chanting.
The bolt of cold hits you!!!
Ouch! That really hurt!
You die...

##### #.... (..... .....
...... ...... ....#
###### #...# #...# #...#
#...#
##########...###########
..........((.eo.@†......
.............)e.........
#########..#############
#..# #..# #... .....
#######


You could see a deep elf knight, a deep elf mage and an orc.

Vanquished Creatures
  Josephine (D:10)
  2 two-headed ogres (D:10)
  Nergalle (D:10)
  2 flayed ghosts (D:10)
  Joseph (D:7)
  A centaur skeleton (D:10)
  Maggie (D:7)
  A komodo dragon (D:10)
  A kobold demonologist (D:7)
  A tengu conjurer (D:10)
  A troll (D:8)
  A hornet (D:8)
  A vampire (D:10)
  3 wraiths (D:10)
  A steam dragon (D:7)
  5 orc warriors
  A black bear (D:6)
  A necrophage (D:10)
  A phantom (D:5)
  An eye of draining (D:9)
  An ice beast (D:7)
  7 ogres
  2 sky beasts
  3 centaurs
  A big kobold (D:8)
  6 bullfrogs
  3 gnoll sergeants
  10 killer bees (D:8)
  2 scorpions
  17 wights
  2 howler monkeys (D:8)
  2 bullfrog zombies
  A quasit (D:6)
  2 hounds
  A bullfrog skeleton (D:5)
  2 jellies (D:10)
  7 orc priests
  2 iguanas
  Ijyb (D:4)
  8 orc wizards
  9 worker ants
  A worker ant zombie (D:5)
  19 adders
  29 gnolls
  2 shadow imps
  4 white imps
  An ufetubus (D:10)
  6 worms
  2 dart slugs
  4 leopard geckos
  26 orcs
  A ball python (D:3)
  6 bats
  A bat zombie (D:8)
  7 giant cockroaches
  8 goblins
  7 hobgoblins
  16 jackals
  14 kobolds
  2 quokkas
  4 frilled lizards
  A jackal zombie (D:7)
  A leopard gecko skeleton (D:9)
  9 rats
  A rat zombie (D:8)
289 creatures vanquished.

Vanquished Creatures (others)
  An adder (D:7)
  A kobold (D:9)
2 creatures vanquished.

Grand Total: 291 creatures vanquished

Notes
Turn   | Place    | Note
-------+----------+-------------------------------------------
     0 | D:1      | kae the Tengu Transmuter began the quest for the Orb.
     0 | D:1      | Reached XP level 1. HP: 12/12 MP: 4/4
   112 | D:1      | Reached XP level 2. HP: 16/16 MP: 4/6
   687 | D:1      | Reached XP level 3. HP: 17/20 MP: 5/7
  1553 | D:2      | Reached skill level 1 in Armour
  1553 | D:2      | Reached XP level 4. HP: 14/25 MP: 8/8
  1734 | D:2      | Found a hazy altar of Hepliaklqana.
  1899 | D:2      | Reached skill level 4 in Unarmed Combat
  2736 | D:3      | Gained mutation: You can fly continuously. [Tengu growth]
  2736 | D:3      | Reached XP level 5. HP: 20/30 MP: 7/9
  2964 | D:3      | Found an iron altar of Okawaru.
  3473 | D:3      | Learned a level 3 spell: Spider Form
  3839 | D:4      | Found a runed translucent gate.
  3839 | D:4      | Found a runed translucent gate.
  3839 | D:4      | Found a runed translucent gate.
  3840 | D:4      | Noticed mhoghedin's ghost (weakling PaDe)
  3841 | D:4      | Noticed emiel's ghost (amateur SpAE)
  3841 | D:4      | Noticed End1zNear's ghost (amateur DDFi)
  3841 | D:4      | Noticed p0werm0de's ghost (amateur DDFi)
  3851 | D:4      | Noticed Ijyb
  3865 | D:4      | Killed Ijyb
  3897 | D:4      | Found a white marble altar of Elyvilon.
  3988 | D:4      | Found a transporter.
  4207 | D:4      | Reached XP level 6. HP: 35/35 MP: 7/11
  4211 | D:4      | Reached skill level 1 in Poison Magic
  4467 | D:4      | Found a transporter.
  4494 | D:4      | Found a shadowy altar of Dithmenos.
  5058 | D:4      | Reached skill level 5 in Unarmed Combat
  5407 | D:4      | Reached XP level 7. HP: 39/40 MP: 12/12
  5662 | D:4      | Found a sacrificial altar of Ru.
  6109 | D:5      | Entered Level 5 of the Dungeon
  7443 | D:5      | Found a staircase to the Ecumenical Temple.
  7827 | Temple   | Entered the Ecumenical Temple
  8032 | Temple   | Became a worshipper of the Wu Jian Council
  8505 | D:6      | Reached XP level 8. HP: 36/45 MP: 7/14
  8723 | D:6      | Found a basalt altar of Yredelemnul.
  8748 | D:6      | Reached skill level 6 in Unarmed Combat
  8774 | D:5      | Noticed a rust devil
  8774 | D:5      | Noticed a rust devil
  9219 | D:6      | Found a burning altar of Makhleb.
  9439 | D:6      | Found a shimmering blue altar of Sif Muna.
  9439 | D:6      | Found a stormy altar of Qazlal.
  9439 | D:6      | Found a bloodstained altar of Trog.
  9442 | D:6      | Found a shimmering altar of Xom.
  9443 | D:6      | Found a hide-covered altar of Uskayaw.
 10016 | D:7      | Noticed Maggie
 10287 | D:6      | Learned a level 5 spell: Blade Hands
 10292 | D:6      | Learned a level 4 spell: Ice Form
 10321 | D:7      | Reached * piety under Wu Jian
 10792 | D:7      | Noticed a kobold demonologist
 11399 | D:7      | Reached XP level 9. HP: 24/52 MP: 15/15
 11681 | D:7      | Found a shimmering blue altar of Sif Muna.
 11703 | D:7      | Reached skill level 7 in Unarmed Combat
 11704 | D:7      | Identified Sif Muna's Collected Works on Evil
 11750 | D:7      | Killed a kobold demonologist
 11750 | D:7      | Reached skill level 5 in Transmutations
 11971 | D:7      | Killed Maggie
 12121 | D:7      | Noticed Joseph
 12135 | D:7      | Killed Joseph
 12135 | D:7      | Reached skill level 5 in Dodging
 12775 | D:8      | Reached skill level 8 in Unarmed Combat
 12847 | D:8      | Found an ancient bone altar of Kikubaaqudgha.
 12909 | D:8      | Reached XP level 10. HP: 53/58 MP: 17/17
 13318 | D:8      | Found a transporter.
 13325 | D:8      | Noticed Vidiiot's ghost (novice TrDe)
 13328 | D:8      | Found a bloodstained altar of Trog.
 13328 | D:8      | Noticed a cyclops
 13344 | D:8      | Noticed a moth of wrath
 13361 | D:8      | Reached skill level 5 in Armour
 13397 | D:8      | Found a transporter.
 13399 | D:8      | Reached ** piety under Wu Jian
 13873 | D:8      | Reached skill level 5 in Fighting
 14188 | D:8      | Reached skill level 5 in Spellcasting
 14690 | D:8      | Reached skill level 9 in Unarmed Combat
 15129 | D:9      | Found a staircase to the Lair.
 15315 | D:9      | Found an opulent altar of Gozag.
 15352 | D:9      | Reached *** piety under Wu Jian
 15547 | D:10     | Entered Level 10 of the Dungeon
 15555 | D:10     | Noticed a two-headed ogre
 15566 | D:10     | Killed a two-headed ogre
 15610 | D:10     | Reached XP level 11. HP: 64/64 MP: 7/20
 15687 | D:10     | Noticed a flayed ghost
 15689 | D:10     | Killed a flayed ghost
 15812 | D:10     | Found Xipaav's Jewellery Shoppe.
 15850 | D:10     | Noticed Nergalle
 15859 | D:10     | Killed Nergalle
 16148 | D:10     | Reached skill level 10 in Unarmed Combat
 16290 | D:10     | Noticed a flayed ghost
 16299 | D:10     | Killed a flayed ghost
 16660 | D:10     | Noticed a two-headed ogre
 16672 | D:10     | Killed a two-headed ogre
 16742 | D:10     | Noticed Josephine
 16754 | D:10     | Killed Josephine
 16854 | D:10     | Reached **** piety under Wu Jian
 16860 | D:10     | Noticed a deep elf mage
 16862 | D:10     | Noticed a deep elf knight
 16865 | D:10     | Killed from afar by a deep elf mage

Illustrated notes

Levels and vault maps discovered:
D:1:      sevenhm_arrival_forest_fort_small_3, layout_loops_ring
D:2:      layout_basic, lemuel_crystal_altar
D:3:      layout_loops_corners, lemuel_round_altar
D:4:      gammafunk_cloud_chamber, layout_layer_cave,
          grunt_dithmenos_smoke_and_mirrors, kennysheep_mini,
          gammafunk_ghost_cemetery, nicolae_ru_the_path_less_chosen, uniq_ijyb
D:5:      cheibrodos_iron_armory, layout_cave_pods, temple_hall,
          hangedman_abyss_or_decor_stagger
D:6:      layout_loops_corners, kennysheep_mini_moat, minitemple
D:7:      layout_loops_ring, led_sif_book, uniq_maggie, uniq_joseph
D:8:      layout_loops_ring, lemuel_zombie_altar_kikubaaqudgha,
          gammafunk_ghost_wrathful_warriors
D:9:      layout_cross, lair_entry_dummy, basic_altar
D:10:     minmay_chopped_fan, layout_long_grid, serial_shops, shop_fountains,
          special_room [special_room_orc], kennysheep_windowed_goal,
          uniq_nergalle, uniq_josephine
Temple:   dpeg_chambers_temple

Skill      XL: |  1  2  3  4  5  6  7  8  9 10 11 |
---------------+----------------------------------+-----
Transmutations | 2 3 4 5 7 8 |  8.0
Armour         | 1 2 3 4 5 6 |  6.8
Unarmed Combat | 4 5 6 8 9 10 | 10.6
Fighting       | 2 3 4 5 6 |  6.5
Poison Magic   | 1 2 3 |  3.0
Dodging        | 3 4 5 6 7 |  7.2
Spellcasting   | 3 4 5 6 |  6.1

Action                   |  1- 3 |  4- 6 |  7- 9 | 10-12 || total
-------------------------+-------+-------+-------+-------++-------
Melee: Unarmed           |    60 |   181 |   299 |   293 ||   833
       Headbutt          |     8 |    15 |     4 |     4 ||    31
       Kick              |    12 |    34 |    24 |    59 ||   129
       Peck              |     5 |    16 |    17 |    35 ||    73
       Punch             |       |     3 |     1 |     5 ||     9
 Cast: Beastly Appendage |    14 |    36 |    12 |     3 ||    65
       Spider Form       |       |     5 |    30 |     9 ||    44
       Ice Form          |       |       |     4 |     1 ||     5
       Blade Hands       |       |       |       |    23 ||    23
Invok: Lunge             |       |       |    25 |    23 ||    48
       Whirlwind         |       |       |     3 |    10 ||    13
 Abil: Fly               |       |     1 |       |       ||     1
       Wall Jump         |       |       |       |     4 ||     4
  Use: Scroll            |     2 |       |    24 |     4 ||    30
       Potion            |       |       |     1 |     1 ||     2
 Stab: Sleeping          |       |     2 |     2 |     4 ||     8
Armor: Robe              |     7 |    14 |    11 |       ||    32
       Skin              |       |     1 |     4 |     2 ||     7
       Steam dragon scal |       |       |     4 |    61 ||    65
Dodge: Dodged            |    42 |   131 |   243 |   374 ||   790

Table legend: (Time is in decaauts)
 A = Elapsed time spent in this place.
 B = Non-inter-level travel time spent in this place.
 C = Inter-level travel time spent in this place.
 D = Time resting spent in this place.
 E = Time spent auto-exploring this place.
 F = Levels seen in this place.
 G = Mean time per level.
                   A        B        C        D        E       F      G
               +--------+--------+--------+--------+--------+-----+--------+
         Total |  16220 |  15700 |    520 |   3643 |   9939 |  11 | 1474.5 |
       Dungeon |  16010 |  15531 |    479 |   3643 |   9773 |  10 | 1601.0 |
        Temple |    209 |    168 |     41 |      0 |    166 |   1 |  209.0 |
               +--------+--------+--------+--------+--------+-----+--------+

Top non-repeatable levels by time:
     D:4: 2390 daAuts
     D:7: 2141 daAuts
     D:6: 2134 daAuts
     D:5: 1854 daAuts
     D:8: 1814 daAuts
     D:2: 1463 daAuts
     D:3: 1197 daAuts
     D:1: 1173 daAuts
    D:10: 998 daAuts
     D:9: 842 daAuts
  Temple: 209 daAuts
